 Dungeon Crawl Stone Soup version 0.30-a0-883-g5ad918d77d (webtiles) character file.

Game seed: 7156198729783183253

16780 112233 the Spry (level 12, -6/45 (51) HPs)
             Began as a Spriggan Air Elementalist on Mar 17, 2023.
             Was an Initiate of Gozag.
             Killed from afar by Josephine (35 damage)
             ... with a ghostly fireball
             ... on level 11 of the Dungeon.
             The game lasted 00:16:56 (17544 turns).

112233 the Spry (Spriggan Air Elementalist)        Turns: 17544, Time: 00:16:57

HP:   -6/45 (51)    AC:  1    Str:  4    XL:     12   Next: 13%
MP:   1/39          EV: 28    Int: 20    God:    Gozag
Gold: 1044          SH:  0    Dex: 17    Spells: 25/38 levels left

rFire   + + .      SeeInvis +    w - staff of air
rCold   . . .      Faith    .    (shield currently unavailable)
rNeg    . . .      Spirit   .    S - +0 robe {Will+}
rPois   .          Reflect  .    (helmet restricted)
rElec   +          Rampage  .    A - scarf {shadows}
rCorr   .                        (gloves unavailable)
Will    +++++                    (boots unavailable)
Stlth   +++                      b - amulet of the Lotus Blossom {Acrobat Contam rF++ Will+}
HPRegen 0.27/turn                n - ring of willpower
MPRegen 0.26/turn                m - ring of magical power

@: gold aura, very slightly contaminated, heavily drained, very quick
A: very small, no large weapons, unfitting armour, see invisible, speed 3,
camouflage 1, deformed body, MP-powered wands
a: Renounce Religion, Potion Petition, Call Merchant, Bribe Branch


You were on level 11 of the Dungeon.
You worshipped Gozag.
Gozag was most pleased with you.
You visited 2 branches of the dungeon, and saw 12 of its levels.

You collected 1909 gold pieces.
You paid 865 gold pieces to Gozag.

Inventory:

Hand Weapons
 r - a +2 mace of draining
Missiles
 i - 6 silver boomerangs
 Q - 3 throwing nets
Armour
 A - a scarf of shadows (worn)
 R - a +0 cloak
 S - a +0 robe of willpower (worn)
Magical Staves
 w - a staff of air (weapon)
Jewellery
 b - the amulet of the Lotus Blossom (around neck) {Acrobat Contam rF++ Will+}
   (You took it off an orc on level 6 of the Dungeon)

   [amulet of the acrobat]

   It increases your evasion while moving and waiting.
   rF:        It greatly protects you from fire.
   Contam:    It causes magical contamination when unequipped.
   Will:      It increases your willpower.
 e - a ring of resist corrosion
 h - a ring of flight
 m - a ring of magical power (right hand)
 n - a ring of willpower (left hand)
 t - a ring of magical power
 B - a ring of protection from fire
 C - a ring of positive energy
 H - a ring of protection from fire
 J - a ring of willpower
Wands
 v - a wand of charming (5)
 E - a wand of roots (16)
Scrolls
 d - 9 scrolls of identify {unknown}
 f - 2 scrolls of teleportation
 l - a scroll of butterflies {unknown}
 o - a scroll of brand weapon {unknown}
 p - 4 scrolls of immolation {unknown}
 q - 2 scrolls of amnesia {unknown}
 x - a scroll of enchant weapon {unknown}
 y - a scroll of blinking {unknown}
 z - 5 scrolls of fog {unknown}
 D - 3 scrolls of vulnerability {unknown}
 K - a scroll of magic mapping {unknown}
 L - 4 scrolls of enchant armour {unknown}
 M - a scroll of poison {unknown}
 N - a scroll of acquirement {unknown}
 P - a scroll of fear {unknown}
Potions
 j - 3 potions of attraction
 k - 2 potions of haste {unknown}
 s - a potion of mutation
 F - a potion of brilliance {unknown}
 G - a potion of might {unknown}
 I - a potion of flight {unknown}
 O - 2 potions of lignification {unknown}


   Skills:
 + Level 15.1 Dodging
 - Level 3.0 Stealth
 + Level 13.9 Spellcasting
 - Level 0.6 Conjurations
 + Level 11.1 Air Magic


You had 25 spell levels left.
You knew the following spells:

 Your Spells              Type           Power      Damage    Failure   Level
a - Shock                 Conj/Air       100%       1d9       1%          1
b - Static Discharge      Conj/Air       100%       2-7/arc   1%          2
c - Airstrike             Air            36%        2d(6-22)  1%          4
d - Apportation           Tloc           26%        N/A       4%          1
e - Swiftness             Air            73%        N/A       1%          3
f - Blink                 Tloc           26%        N/A       7%          2

Your spell library contained the following spells:

 Spells                   Type           Power      Damage    Failure   Level
 Poisonous Vapours        Pois/Air       100%       N/A       1%          2
 Sting                    Tmut/Pois      52%        1d5       4%          1
 Momentum Strike          Conj/Tloc      30%        3d8       6%          2
 Lesser Beckoning         Tloc           26%        N/A       7%          2
 Sublimation of Blood     Necr           13%        N/A       7%          2
 Wereblood                Tmut           13%        N/A       7%          2
 Olgreb's Toxic Radiance  Pois           13%        N/A       43%         4
 Alistair's Intoxication  Tmut/Pois      8%         N/A       78%         5
 Borgnjor's Vile Clutch   Necr/Erth      6%         N/A       78%         5
 Eringya's Noxious Bog    Tmut/Pois      6%         N/A       100%        6
 Summon Hydra             Summ           6%         N/A       100%        7


Dungeon Overview and Level Annotations

Branches:
Dungeon (11/15)            Temple (1/1) D:5            Lair (0/5) D:8
    Orc: D:9-12

Altars:
Ashenzari
Cheibriados
Dithmenos
Elyvilon
Fedhas
Gozag
Hepliaklqana
Kikubaaqudgha
Makhleb
Nemelex Xobeh
Okawaru
Qazlal
Ru
Sif Muna
Trog
Uskayaw
Vehumet
Wu Jian
Xom
Yredelemnul
Zin
The Shining One

Annotations:
D:3 exclusion: upstairs, Terence
D:6 exclusion: downstairs
D:11 1 runed translucent door, Josephine; Rosaphim's ghost, journeyman AtFi


Innate Abilities, Weirdness & Mutations

You are very small and have problems with some larger weapons.
You are too small for most types of armour.
You have supernaturally acute eyesight. (SInv)
You cover ground extremely quickly. (Speed+++)
Your skin changes colour to match your surroundings (Stealth+).
Armour fits poorly on your strangely shaped body.
You expend magic power (3 MP) to strengthen your wands.


Message History

Aim: Snorg (almost dead, berserk, empty space bonus: 7/8)
You feel a surge of power!
The air twists around and strikes Snorg!!
You kill Snorg!
Your life force feels restored.
Your Dodging skill increases to level 15!
Casting: Airstrike (dangerous; 1% risk of failure)
Confirm with . or Enter, or press ? or * to list all spells.
Aiming: Airstrike (dangerous; 1% risk of failure)
Press: ? - help, Dir - move target, f - Josephine
Aim: Josephine, wielding a +3 dagger and wearing a +0 robe (empty space bonus: 8/8)
You feel a surge of power!
The air twists around and strikes Josephine!!
Josephine is moderately wounded.
Casting: Airstrike (dangerous; 1% risk of failure)
Confirm with . or Enter, or press ? or * to list all spells.
Aiming: Airstrike (dangerous; 1% risk of failure)
Press: ? - help, Dir - move target, f/p - Josephine
Aim: Josephine, wielding a +3 dagger and wearing a +0 robe (moderately wounded, empty space bonus: 8/8)
You feel a surge of power!
The air twists around and strikes Josephine!!
Josephine is severely wounded.
Josephine casts a spell at you.
The ghostly flame explodes!
The ghostly fireball engulfs you!!
You feel drained.
Casting: Airstrike (dangerous; 1% risk of failure)
Confirm with . or Enter, or press ? or * to list all spells.
Aiming: Airstrike (dangerous; 1% risk of failure)
Press: ? - help, Dir - move target, f/p - Josephine
Aim: Josephine, wielding a +3 dagger and wearing a +0 robe (severely wounded, empty space bonus: 8/8)
You feel a surge of power!
The air twists around and strikes Josephine!
Josephine is almost dead.
A wraith comes into view.
Josephine casts a spell at you.
The ghostly flame explodes!
The ghostly fireball engulfs you!!
You feel drained.
Ouch! That really hurt!
You die...
Your body crumbles into a pile of gold.

#..)....# #......#
#..(....# #...$..#
#...)...# ######......#
#.).....########......#
########..............#
#..............# $
#..............# $
#..............#
#...@$@...W....#
#..............'..
#########......#'##
########.# . O8#
.o.######## .
.O.$.....######## ..
#.......#......##..


You could see Josephine and a wraith.

Vanquished Creatures
  Snorg (D:11)
  Harold (D:10)
  5 two-headed ogres
  Erica (D:10)
  Amaemon (D:10)
  A cyclops (D:11)
  An elephant (D:8)
  An orange demon (D:10)
  3 unseen horrors
  2 kobold demonologists
  A komodo dragon (D:11)
  A troll (D:10)
  A hornet (D:10)
  2 wyverns
  15 yaks
  A wraith (D:11)
  2 basilisks (D:8)
  A steam dragon (D:9)
  An acid dragon (D:10)
  A water moccasin (D:9)
  A black bear (D:4)
  4 orc warriors
  An ice beast (D:5)
  A sky beast (D:8)
  2 ogres
  5 centaurs
  A phantom (D:5)
  9 kobold brigands (D:8)
  2 bullfrogs
  A gnoll sergeant (D:7)
  4 scorpions
  8 wights
  25 killer bees
  2 electric eels (D:7)
  4 howler monkeys
  A hound (D:4)
  8 orc priests
  2 jellies
  2 sleepcaps
  9 iguanas
  9 orc wizards
  10 gnolls (D:7)
  10 adders
  A shadow imp (D:8)
  2 ufetubi
  A dart slug (D:5)
  48 orcs
  9 ball pythons
  9 endoplasms
  2 giant cockroaches
  13 goblins
  10 hobgoblins
  3 jackals (D:4)
  4 quokkas
  4 bats
  13 kobolds
  5 rats
288 creatures vanquished.

Vanquished Creatures (others)
  5 plants (D:9)
5 creatures vanquished.

Grand Total: 293 creatures vanquished

Notes
Turn   | Place    | Note
-------+----------+-------------------------------------------
     0 | D:1      | 112233 the Spriggan Air Elementalist began the quest for
                  | the Orb.
     0 | D:1      | Reached XP level 1. HP: 9/9 MP: 5/5
     6 | D:1      | Noticed a hog
     6 | D:1      | Noticed a black mamba
     7 | D:1      | Noticed a snapping turtle
     7 | D:1      | Noticed a rime drake
   218 | D:1      | Reached skill level 3 in Dodging
   287 | D:1      | You fall into a shaft and drop 1 floor!
   361 | D:2      | Reached XP level 2. HP: 13/13 MP: 2/7
   751 | D:1      | Reached XP level 3. HP: 16/16 MP: 5/8
   983 | D:1      | Learned a level 2 spell: Static Discharge
  1643 | D:3      | Reached skill level 4 in Dodging
  1643 | D:3      | Reached XP level 4. HP: 21/21 MP: 2/10
  2152 | D:3      | Noticed Terence
  2679 | D:2      | Reached XP level 5. HP: 24/24 MP: 9/12
  3304 | D:3      | Learned a level 4 spell: Airstrike
  3306 | D:3      | Learned a level 1 spell: Apportation
  3443 | D:3      | Reached skill level 5 in Dodging
  4146 | D:4      | Reached XP level 6. HP: 28/28 MP: 10/14
  4392 | D:4      | Reached skill level 5 in Spellcasting
  4688 | D:4      | Reached skill level 6 in Dodging
  4844 | D:4      | Reached XP level 7. HP: 32/32 MP: 12/16
  5008 | D:5      | Entered Level 5 of the Dungeon
  5247 | D:5      | Found a staircase to the Ecumenical Temple.
  5256 | D:5      | Reached skill level 5 in Air Magic
  5869 | D:5      | Reached skill level 7 in Dodging
  5994 | Temple   | Entered the Ecumenical Temple
  6036 | Temple   | Became a worshipper of Gozag Ym Sagoz the Greedy
  6081 | D:5      | Found an ornate altar of the Wu Jian Council.
  6209 | D:5      | Reached XP level 8. HP: 29/36 MP: 8/19
  7369 | D:6      | Reached skill level 8 in Dodging
  7369 | D:6      | Identified the amulet of the Lotus Blossom {Acrobat Contam
                  | rF++ Will+}
  7991 | D:7      | Noticed a two-headed ogre
  8195 | D:7      | Learned a level 3 spell: Swiftness
  8198 | D:7      | Learned a level 2 spell: Blink
  8233 | D:7      | Killed a two-headed ogre
  8234 | D:7      | Reached skill level 9 in Dodging
  8234 | D:7      | Reached XP level 9. HP: 39/39 MP: 18/22
  8912 | D:7      | Found a sacrificial altar of Ru.
  8975 | D:7      | Found a shimmering altar of Xom.
  9073 | D:7      | Noticed an unseen horror
  9075 | D:7      | Killed an unseen horror
  9076 | D:7      | Reached skill level 10 in Dodging
  9742 | D:7      | Found an iron altar of Okawaru.
 10560 | D:9      | Found a shadowy altar of Dithmenos.
 10576 | D:9      | Found a hazy altar of Hepliaklqana.
 10600 | D:9      | Reached skill level 10 in Spellcasting
 10608 | D:9      | Reached skill level 11 in Dodging
 10843 | D:8      | Reached XP level 10. HP: 44/44 MP: 21/25
 11181 | D:8      | Noticed an elephant
 11202 | D:8      | Noticed a two-headed ogre
 11205 | D:8      | Killed a two-headed ogre
 11390 | D:8      | Killed an elephant
 11391 | D:8      | Reached skill level 12 in Dodging
 11578 | D:8      | Found a staircase to the Lair.
 11986 | D:10     | Entered Level 10 of the Dungeon
 12250 | D:10     | Noticed Erica
 12258 | D:10     | Killed Erica
 12283 | D:10     | Noticed Amaemon
 12303 | D:10     | Killed Amaemon
 12304 | D:10     | Reached skill level 13 in Dodging
 12304 | D:10     | Reached XP level 11. HP: 47/47 MP: 2/28
 12494 | D:10     | Gained mutation: You do not regenerate when monsters are
                  | visible. [potion of mutation]
 12494 | D:10     | Gained mutation: Armour fits poorly on your strangely
                  | shaped body. [potion of mutation]
 12494 | D:10     | Gained mutation: Your spells are a little harder to cast,
                  | but a little more powerful. [potion of mutation]
 12550 | D:9      | Lost mutation: You do not regenerate when monsters are
                  | visible. [potion of mutation]
 12550 | D:9      | Lost mutation: Your spells are a little harder to cast, but
                  | a little more powerful. [potion of mutation]
 12550 | D:9      | Gained mutation: You expend magic power (3 MP) to
                  | strengthen your wands. [potion of mutation]
 12550 | D:9      | Gained mutation: Your skin changes colour to match your
                  | surroundings (Stealth+). [potion of mutation]
 14080 | D:8      | Reached skill level 10 in Air Magic
 15194 | D:9      | Reached skill level 14 in Dodging
 15830 | D:10     | Found a sparkling altar of Nemelex Xobeh.
 15886 | D:10     | Noticed a two-headed ogre
 15890 | D:10     | Killed a two-headed ogre
 16022 | D:10     | Noticed Harold
 16028 | D:10     | Killed Harold
 16151 | D:10     | Noticed a two-headed ogre
 16175 | D:10     | Killed a two-headed ogre
 16730 | D:11     | Noticed Rosaphim's ghost (journeyman AtFi)
 16733 | D:11     | Found a runed translucent door.
 16765 | D:11     | Noticed a two-headed ogre
 16868 | D:11     | Killed a two-headed ogre
 17000 | D:11     | Noticed a boulder beetle
 17021 | D:11     | Reached XP level 12. HP: 28/51 MP: 13/30
 17522 | D:11     | Noticed Snorg
 17538 | D:11     | Noticed Josephine
 17541 | D:11     | Killed Snorg
 17542 | D:11     | Reached skill level 15 in Dodging
 17544 | D:11     | Killed from afar by Josephine

Illustrated notes

Levels and vault maps discovered:
D:1:      onia_arrival_zoo_common, layout_rooms
D:2:      cheibrodos_pilgrimage, layout_loops_ring, st_stairs_13
D:3:      layout_loops_corners, nrook_campfire, eino_tiny_chamber,
          skrybe_limestone_x, chequers_serial_rivers_marsh,
          small_statue_intersection, grunt_decor_arrowhead, uniq_terence
D:4:      layout_cave_pools, kennysheep_generic_room_3
D:5:      layout_loops_cross, nicolae_wu_jian_wuxing_cycle,
          minmay_temple_entry_ruins, corexii_checkpoint_b
D:6:      layout_loops_ring, minmay_misc_feat_rows
D:7:      statuecave_lemuel, layout_basic, okawaru_altar_gauntlet_db,
          grunt_temple_overflow_open, moated_statue, roderic_lattice_a
D:8:      layout_loops_ring, david_lair_generic, special_room
          [special_room_kobold], nicolae_ossuary_entry_monument
D:9:      layout_irregular_city, grunt_dithmenos_smoke,
          nicolae_hepliaklqana_hazy_memory, st_stairs_11
D:10:     layout_rooms, mainiacjoe_overflow_concentric_impassable,
          minmay_fractal_squares_gapless_5, uniq_amaemon, uniq_erica,
          uniq_harold
D:11:     layout_gridville, minmay_orc_entry_temple_small,
          hellmonk_ghost_happy_afterlife, corner_web_ring, uniq_snorg,
          uniq_josephine
Temple:   hellmonk_temple_of_storms

Skill      XL: |  1  2  3  4  5  6  7  8  9 10 11 12 |
---------------+-------------------------------------+-----
Dodging        | 3 4 5 6 7 9 11 13 14 15 | 15.1
Spellcasting   | 3 4 5 6 8 10 12 13 | 13.9
Air Magic      | 3 4 5 6 8 9 10 11 | 11.1
Stealth        | |  3.0
Conjurations   | |  0.6

Action                     |  1- 3 |  4- 6 |  7- 9 | 10-12 || total
---------------------------+-------+-------+-------+-------++-------
  Melee: Unarmed           |     1 |     9 |       |       ||    10
         Mace              |       |     3 |       |       ||     3
         Staff             |       |     6 |     7 |    22 ||    35
   Cast: Shock             |    79 |   167 |   161 |     6 ||   413
         Static Discharge  |       |     4 |    18 |     7 ||    29
         Airstrike         |       |       |    69 |   238 ||   307
 Invoke: Potion Petition   |       |       |       |     3 ||     3
  Evoke: Wand              |       |       |       |     9 ||     9
    Use: Potion            |       |       |     3 |    10 ||    13
         Scroll            |       |       |       |     1 ||     1
   Stab: Invisible         |       |       |       |     2 ||     2
 Armour: Robe              |       |     1 |     4 |     1 ||     6
  Dodge: Dodged            |     2 |    40 |    81 |    90 ||   213

Table legend: (Time is in decaauts)
 A = Elapsed time spent in this place.
 B = Non-inter-level travel time spent in this place.
 C = Inter-level travel time spent in this place.
 D = Time resting spent in this place.
 E = Time spent auto-exploring this place.
 F = Levels seen in this place.
 G = Mean time per level.
                   A        B        C        D        E       F      G
               +--------+--------+--------+--------+--------+-----+--------+
         Total |  14727 |  14418 |    309 |   3779 |   8969 |  12 | 1227.2 |
       Dungeon |  14691 |  14396 |    295 |   3779 |   8956 |  11 | 1335.5 |
        Temple |     35 |     21 |     14 |      0 |     13 |   1 |   35.0 |
               +--------+--------+--------+--------+--------+-----+--------+

Top non-repeatable levels by time:
     D:9: 2244 daAuts
     D:8: 2144 daAuts
     D:3: 1534 daAuts
    D:10: 1533 daAuts
     D:7: 1475 daAuts
     D:4: 1184 daAuts
     D:2: 1132 daAuts
     D:5: 1066 daAuts
     D:6: 923 daAuts
    D:11: 780 daAuts
     D:1: 672 daAuts
  Temple: 35 daAuts
